 Dungeon Crawl Stone Soup version 0.32-a0-558-g233958a4c4 (webtiles) character file.

Game seed: 12824977783567427761

86 protoss039 the Digger (level 4, -1/33 HPs)
             Began as a Demonspawn Earth Elementalist on Mar 1, 2024.
             Slain by an orc
             ... wielding a +0 dagger
              (4 damage)
             ... on level 3 of the Dungeon.
             The game lasted 00:03:02 (2237 turns).

protoss039 the Digger (DsEE)                        Turns: 2237, Time: 00:03:03

Health: -1/33      AC:  5    Str:  9    XL:     4   Next: 26%
Magic:  8/8        EV: 10    Int: 17    God:
Gold:   121        SH:  0    Dex: 13    Spells: 7/8 levels left

rFire   + . .        n - +0 falchion "Wagaev" {spect, rElec rF+ rC++ Stlth-}
rCold   + + .        (no shield)
rNeg    . . .        r - +0 ring mail
rPois   .            (no helmet)
rElec   +            (no cloak)
rCorr   .            (no gloves)
SInv    .            (no boots)
Will    .....        (no amulet) Stlth
                     (no ring)
HPRegen 0.25/turn    (no ring)
MPRegen 0.11/turn

%: no passive effects
@: no status effects
A: demonic guardian 1, weakness stinger 1
a: no special abilities


You were on level 3 of the Dungeon.
You visited 1 branch of the dungeon, and saw 3 of its levels.

You collected 121 gold pieces.

Inventory:

Hand Weapons
 d - a +0 short sword
 n - the +0 falchion "Wagaev" (weapon) {spect, rElec rF+ rC++ Stlth-}
   (You found it on level 2 of the Dungeon)

   rF+:       It protects you from fire.
   rC++:      It greatly protects you from cold.
   rElec:     It insulates you from electricity.
   Stlth-:    It makes you less stealthy.
Missiles
 c - 6 poisoned darts
Armour
 a - a +0 robe
 o - a +0 scale mail
 r - a +0 ring mail (worn)
Wands
 k - a wand of iceblast (14)
 l - a wand of charming (8)
Scrolls
 g - a scroll of poison {unknown}
 h - a scroll of teleportation {unknown}
 i - 4 scrolls of identify {unknown}
 j - a scroll of immolation {unknown}
 m - a scroll of fear {unknown}
 p - a scroll of enchant weapon {unknown}
Potions
 b - 2 potions of magic
 e - a potion of cancellation {unknown}
 f - a potion of brilliance {unknown}
 q - a potion of curing
 s - a potion of attraction {unknown}


   Skills:
 + Level 2.1 Fighting
 * Level 1.0 Long Blades
 - Level 1.7 Dodging
 - Level 1.7 Stealth
 + Level 2.8 Spellcasting
 - Level 1.0 Conjurations
 - Level 3.2 Earth Magic


You had 7 spell levels left.
You knew the following spells:

 Your Spells              Type           Power      Damage    Failure   Level
a - Sandblast             Erth           26%        2d8       13%         1

Your spell library contained the following spells:

 Spells                   Type           Power      Damage    Failure   Level
 Passwall                 Erth           13%        N/A       36%         3
 Stone Arrow              Conj/Erth      18%        3d8       52%         3
 Brom's Barrelling Bould  Conj/Erth      9%         2d3       90%         4
 Petrify                  Alch/Erth      8%         N/A       94%         4
 Summon Forest            Summ/Tloc      1%         N/A       100%        5
 Eringya's Noxious Bog    Alch           1%         4d6       100%        6
 Summon Hydra             Summ           1%         N/A       100%        7


Dungeon Overview and Level Annotations

Branches:
Dungeon (3/15) Zot: 15695

Altars:
Fedhas


Innate Abilities, Weirdness & Mutations

A weak demonic guardian rushes to your aid.
You have a small tail.


Message History

The orc barely misses you.
The orc wizard hits you with a +0 dagger.
The orc wizard mumbles some strange words.
The orc wizard flickers and vanishes!
Deactivating autopickup; reactivate with Ctrl-A.
You hit the orc wizard.
The orc wizard is almost dead.
Your +0 falchion "Wagaev" {spect, rElec rF+ rC++ Stlth-} barely misses the orc wizard.
The orc misses your +0 falchion "Wagaev" {spect, rElec rF+ rC++ Stlth-}.
The orc closely misses you. The orc hits you with a +0 short sword.
* * * LOW HITPOINT WARNING * * *
The orc barely misses your +0 falchion "Wagaev" {spect, rElec rF+ rC++ Stlth-}.
The orc closely misses you.
You slash the orc wizard!
You kill the orc wizard!
Your +0 falchion "Wagaev" {spect, rElec rF+ rC++ Stlth-} disappears.
The orc closely misses you. The orc hits you with a +0 short sword.
* * * LOW HITPOINT WARNING * * *
Your Fighting skill increases to level 2!
Your Long Blades skill increases to level 1!
You have reached level 4!
You feel stronger.
Your demonic ancestry asserts itself...
You grow a small tail.
You barely miss the orc.
Your +0 falchion "Wagaev" {spect, rElec rF+ rC++ Stlth-} hits the orc.
The orc barely misses you.
The orc hits you from afar with a +0 trident.
* * * LOW HITPOINT WARNING * * *
Unknown command.
Unknown command.
You hit something.
Your tail-slap misses something.
Your +0 falchion "Wagaev" {spect, rElec rF+ rC++ Stlth-} hits something.
The orc completely misses your +0 falchion "Wagaev" {spect, rElec rF+ rC++ Stlth-}.
The orc closely misses you. The orc hits you with a +0 dagger.
* * * LOW HITPOINT WARNING * * *
A demonic guardian appears!
Unknown command.
Your +0 falchion "Wagaev" {spect, rElec rF+ rC++ Stlth-} disappears.
The orc attacks as it pursues you! The orc hits you with a +0 dagger.
You die...

#### ... #.#######
#....$>.# #.......#
#.......## #........#
#..o.....#
#####o.o@....#########
#.......5............#
#.########+#.........#
#.........####
#>........'...
#.........####
#.........#
####......# ########


You could see 3 orcs and a friendly quasit (summoned).

Vanquished Creatures
  An orc wizard (D:3)
  3 dart slugs
  A ribbon worm (D:2)
  An orc (D:2)
  5 ball pythons
  7 endoplasms
  4 giant cockroaches
  4 goblins
  6 hobgoblins
  A kobold (D:1)
  A quokka (D:1)
  4 bats (D:1)
  A frilled lizard (D:1)
  2 rats
41 creatures vanquished.

Vanquished Creatures (collateral kills)
  A ball python (D:1)
  A bat (D:1)
2 creatures vanquished.

Grand Total: 43 creatures vanquished

Notes
Turn   | Place    | Note
-------+----------+-------------------------------------------
     0 | D:1      | protoss039 the Demonspawn Earth Elementalist began the
                  | quest for the Orb.
     0 | D:1      | Reached XP level 1. HP: 13/13 MP: 3/3
   256 | D:1      | Gained mutation: A weak demonic guardian rushes to your
                  | aid. [demonic ancestry]
   256 | D:1      | Reached XP level 2. HP: 20/20 MP: 3/5
   352 | D:1      | Reached skill level 1 in Fighting
   428 | D:1      | Reached skill level 3 in Earth Magic
   877 | D:1      | Reached XP level 3. HP: 22/26 MP: 4/6
  1789 | D:2      | Identified the +0 falchion "Wagaev" {spect, rElec rF+ rC++
                  | Stlth-}
  2058 | D:3      | Found a blossoming altar of Fedhas.
  2235 | D:3      | Reached skill level 1 in Long Blades
  2235 | D:3      | Gained mutation: You have a small tail. [demonic ancestry]
  2235 | D:3      | Reached XP level 4. HP: 8/33 MP: 8/8
  2237 | D:3      | Slain by an orc

Illustrated notes

Levels and vault maps discovered:
D:1:      nagdon_arrival_double_spiral, layout_basic
D:2:      layout_loops_ring
D:3:      layout_basic, fedhas_altar_3, kiku_gazebo_pond_becter

Skill      XL: |  1  2  3 |
---------------+----------+-----
Fighting       | 1 2 |  2.1
Earth Magic    | 3 |  3.2
Long Blades    | 1 |  1.0
Dodging        | |  1.7
Stealth        | |  1.7
Spellcasting   | |  2.8
Conjurations   | |  1.0

Action                     |  1- 3 |  4- 6 || total
---------------------------+-------+-------++-------
  Melee: Short sword       |    45 |       ||    45
         Falchion          |    15 |     2 ||    17
   Cast: Sandblast         |    52 |       ||    52
    Use: Potion            |     1 |       ||     1
   Stab: Sleeping          |     6 |       ||     6
 Armour: Robe              |    51 |       ||    51
         Ring mail         |    21 |     3 ||    24
  Dodge: Dodged            |    61 |     2 ||    63

Table legend: (Time is in decaauts)
 A = Elapsed time spent in this place.
 B = Non-inter-level travel time spent in this place.
 C = Inter-level travel time spent in this place.
 D = Time resting spent in this place.
 E = Time spent auto-exploring this place.
 F = Levels seen in this place.
 G = Mean time per level.
                   A        B        C        D        E       F      G
               +--------+--------+--------+--------+--------+-----+--------+
         Total |   2303 |   2229 |     74 |     46 |   1843 |   3 |  767.7 |
       Dungeon |   2303 |   2229 |     74 |     46 |   1843 |   3 |  767.7 |
               +--------+--------+--------+--------+--------+-----+--------+

Top non-repeatable levels by time:
     D:1: 1066 daAuts
     D:2: 1038 daAuts
     D:3: 198 daAuts
